 Dungeon Crawl Stone Soup version 0.28.0-45-g0d030f2227 (webtiles) character file.

Game seed: 15776526156963012035

4 nickcage the Firebug (level 1, -2/10 HPs)
             Began as a Deep Elf Fire Elementalist on Apr 4, 2022.
             Slain by a quokka (5 damage)
             ... on level 1 of the Dungeon.
             The game lasted 00:01:00 (250 turns).

nickcage the Firebug (Deep Elf Fire Elementalist)    Turns: 250, Time: 00:01:02

Health: -2/10      AC:  2    Str:  5    XL:     1   Next: 58%
Magic:  6/6        EV: 12    Int: 19    God:
Gold:   8          SH:  0    Dex: 15    Spells: 5/6 levels left

rFire   + . .      SeeInvis .   c - staff of air
rCold   + . .      Faith    .   (no shield)
rNeg    . . .      Spirit   .   a - +0 robe
rPois   .          Reflect  .   (no helmet)
rElec   +          Harm     .   b - scarf {rC+ rF+}
rCorr   .          Rampage  .   (no gloves)
Will    .....                   (no boots)
Stlth   ++........              (no amulet)
HPRegen 0.03/turn               (no ring)
MPRegen 0.10/turn               (no ring)

@: no status effects
A: no striking features
a: no special abilities


You were on level 1 of the Dungeon.
You visited 1 branch of the dungeon, and saw 1 of its levels.

You collected 8 gold pieces.

Inventory:

Armour
 a - a +0 robe (worn)
 b - a scarf of resistance (worn)
Magical Staves
 c - a staff of air (weapon)
Scrolls
 d - a scroll of amnesia {unknown}


   Skills:
 - Level 2.4 Dodging
 - Level 2.4 Stealth
 - Level 3.0 Spellcasting
 - Level 1.1 Conjurations
 + Level 3.7 Fire Magic


You had 5 spell levels left.
You knew the following spells:

 Your Spells              Type           Power      Damage    Failure   Level
a - Foxfire               Conj/Fire      44%        2x1d6     6%          1

Your spell library contained the following spells:

 Spells                   Type           Power      Damage    Failure   Level
 Scorch                   Fire           32%        2d6       4%          2
 Conjure Flame            Conj/Fire      11%        6-21      17%         3
 Inner Flame              Hex/Fire       9%         N/A       22%         3
 Flame Wave               Conj/Fire      11%        2d5       50%         4


Dungeon Overview and Level Annotations

Branches:
Dungeon (1/15)

Altars:


Message History

No target in view!
HP restored.
Your foxfire dissipates!
You see here a bat corpse.
Found a stone staircase leading down.
A kobold and a goblin come into view.
You conjure some foxfire!
The kobold shouts!
The goblin shouts!
The foxfire hits the kobold.
The kobold is moderately wounded.
The foxfire hits the kobold.
You kill the kobold!
You conjure some foxfire!
The foxfire hits the goblin.
You kill the goblin!
Your foxfire dissipates!
Things that are here:
a +0 dagger; 4 stones; a kobold corpse
Found a quarterstaff.
A bat comes into view.
You conjure some foxfire!
The bat barely misses you.
The foxfire hits the bat.
The bat is moderately wounded.
The bat barely misses you.
The foxfire hits the bat.
You kill the bat!
Found a stone staircase leading down.
There is a stone staircase leading down here.
A quokka comes into view.
The quokka bites you.
You barely miss the quokka. The quokka barely misses you.
You conjure some foxfire!
The quokka bites you.
* * * LOW HITPOINT WARNING * * *
Your foxfire dissipates!
The foxfire hits the quokka.
The quokka is moderately wounded.
The quokka closely misses you. The quokka misses you. The quokka bites you.
Ouch! That really hurt!
You die...

##### #######...) #....##....
########....##....
###############.................
#.............r@................
#.####################....##....
#. #....##.... #. ###.....### #.
#........ #. #........ #.
##....... #. #....... #.......


You could see a quokka.

Vanquished Creatures
  A goblin (D:1)
  2 bats (D:1)
  A frilled lizard (D:1)
  A kobold (D:1)
5 creatures vanquished.

Vanquished Creatures (others)
  A demonic plant (D:1)
  9 foxfires (D:1)
10 creatures vanquished.

Grand Total: 15 creatures vanquished

Notes
Turn   | Place    | Note
-------+----------+-------------------------------------------
     0 | D:1      | nickcage the Deep Elf Fire Elementalist began the quest for
                  | the Orb.
     0 | D:1      | Reached XP level 1. HP: 10/10 MP: 6/6
   250 | D:1      | Slain by a quokka

Illustrated notes

Levels and vault maps discovered:
D:1:      ebering_hopf_link, layout_basic,
          dreamdust_ecumenical_altar_sealed_demon, serial_shops,
          nicolae_lakefront_shop, serial_bayou_crossing

Action                   || total
-------------------------++-------
Melee: Unarmed           ||     3
       Staff             ||     1
 Cast: Foxfire           ||     7
 Stab: Sleeping          ||     1
Dodge: Dodged            ||     5
